 Dungeon Crawl Stone Soup version 0.28-a0-906-g0406aca7d3 (webtiles) character file.

Game seed: 465053639761098403

442 horus123 the Conjurer (level 6, -6/32 HPs)
             Began as a Deep Elf Conjurer on Nov 23, 2021.
             Was a Believer of Sif Muna.
             Mangled by Crazy Yiuf (7 damage)
             ... on level 3 of the Dungeon.
             The game lasted 00:06:12 (3672 turns).

horus123 the Conjurer (Deep Elf Conjurer)           Turns: 3672, Time: 00:06:15

Health: -6/32      AC:  4    Str:  4    XL:     6   Next: 71%
Magic:  11/14      EV: 12    Int: 25    God:    Sif Muna [**....]
Gold:   93         SH:  0    Dex: 13    Spells: 3/13 levels left

rFire   . . .      SeeInvis .   c - +1 scythe
rCold   . . .      Faith    .   (shield currently unavailable)
rNeg    + . .      Spirit   .   d - +1 robe {rN+}
rPois   .          Reflect  .   (no helmet)
rElec   .          Harm     .   (no cloak)
rCorr   .          Rampage  .   j - +0 pair of gloves
Will    .....                   (no boots)
Stlth   ++........              (no amulet)
HPRegen 0.10/turn               (no ring)
MPRegen 0.14/turn               (no ring)

@: no status effects
A: no striking features
a: Renounce Religion, Channel Magic


You were on level 3 of the Dungeon.
You worshipped Sif Muna.
Sif Muna was pleased with you.
You visited 1 branch of the dungeon, and saw 3 of its levels.

You collected 93 gold pieces.

Inventory:

Hand Weapons
 c - a +1 scythe (weapon)
Armour
 a - a +0 robe
 d - a +1 robe of positive energy (worn)
 j - a +0 pair of gloves (worn)
Wands
 l - a wand of mindburst (11)
Scrolls
 k - a scroll of teleportation
 m - a scroll of fog
Potions
 b - 5 potions of curing
 e - a potion of heal wounds {unknown}
 f - a potion of lignification {unknown}
 g - a potion of degeneration {unknown}
 h - a potion of invisibility {unknown}
 i - a potion of ambrosia {unknown}


   Skills:
 - Level 2.4 Dodging
 - Level 2.4 Stealth
 - Level 4.0 Spellcasting
 + Level 5.8 Conjurations
 - Level 5.1 Hexes
 - Level 4.2 Invocations


You had 3 spell levels left.
You knew the following spells:

 Your Spells              Type           Power      Damage    Failure   Level
a - Magic Dart            Conj           100%       1d8       1%          1
b - Searing Ray           Conj           68%        2d6       1%          2
c - Dazzling Flash        Conj/Hex       64%        N/A       3%          3
d - Fulminant Prism       Conj/Hex       16%        3d11      10%         4

Your spell library contained the following spells:

 Spells                   Type           Power      Damage    Failure   Level
 Iskenderun's Mystic Bla  Conj/Tloc      19%        2d6       28%         4
 Dispersal                Tloc           2%         N/A       100%        6
 Disjunction              Tloc           2%         N/A       100%        8


Dungeon Overview and Level Annotations

Branches:
Dungeon (3/15)

Altars:
Ashenzari
Sif Muna

Annotations:
D:3 Crazy Yiuf


Message History

You kill the kobold!
Sif Muna accepts your kill.
There is an open door here.
You see here a +0 club.
There is an open door here.
There is an open door here.
You open the door.
There is an open door here.
There is an open door here.
There is an open door here.
There is an open door here.
There is an open door here.
There is an open door here.
You see here a +0 club.
There is an open door here.
There is an open door here.
Things that are here:
a +0 club; a goblin skeleton You see here an adder skeleton.
There is an open door here.
There is an open door here.
Crazy Yiuf shouts!
You open the door.
Casting: Magic Dart (safe; 1% risk of failure)
Confirm with . or Enter, or press ? or * to list all spells.
Aiming: Searing Ray (safe; 1% risk of failure)
Press: ? - help, Shift-Dir - straight line, f - Crazy Yiuf
Aim: Crazy Yiuf, wielding a +4 quarterstaff of chaos and wearing a +1 cloak (83% to hit)
The searing ray hits Crazy Yiuf.
Crazy Yiuf is moderately wounded. (Press . to maintain the ray.) Crazy Yiuf hits you with a +4 quarterstaff of chaos!
Crazy Yiuf draws strength from your wounds!
The searing ray hits Crazy Yiuf.
Crazy Yiuf is moderately wounded.
Crazy Yiuf hits you with a +4 quarterstaff of chaos!!
Ouch! That really hurt!
* * * LOW HITPOINT WARNING * * *
Crazy Yiuf freezes you!
You die...

####.# ##...## #.###.##
#....# ##'## #.......
#.#..# #.# ######.## #...##
### #......# ##.## #.######
#.# ♣♣♣♣♣##..# #.# ###
♣♣♣.♣.♣..#.# ##.##
#...#♣..♣.......# #...####
#...g@♣♣♣♣......# #......#
#)..#♣♣ ♣♣....## #...####
### ♣♣#### ##### #########
........# ### .######.###
#.# .# ##...## #.# ##### .#
###.....######.####...#####


You could see Crazy Yiuf.

Vanquished Creatures
  Sigmund (D:2)
  A scorpion (D:3)
  A hound (D:3)
  An iguana (D:3)
  Robin (D:2)
  7 adders
  3 gnolls (D:3)
  A worm (D:2)
  2 dart slugs
  7 endoplasms
  3 hobgoblins
  5 jackals
  5 kobolds
  4 quokkas
  A ball python (D:2)
  3 bats (D:1)
  A frilled lizard (D:1)
  13 goblins
  6 rats
66 creatures vanquished.

Notes
Turn   | Place    | Note
-------+----------+-------------------------------------------
     0 | D:1      | horus123 the Deep Elf Conjurer began the quest for the Orb.
     0 | D:1      | Reached XP level 1. HP: 10/10 MP: 6/6
   330 | D:1      | Found a faded altar of an unknown god.
   332 | D:1      | Prayed at the altar of an unknown god.
   332 | D:1      | Became a worshipper of Sif Muna the Loreminder
   332 | D:1      | Reached * piety under Sif Muna
   342 | D:1      | Reached XP level 2. HP: 7/15 MP: 2/9
   552 | D:1      | Learned a level 2 spell: Searing Ray
  1179 | D:2      | Reached skill level 5 in Conjurations
  1179 | D:2      | Reached XP level 3. HP: 19/19 MP: 4/10
  1183 | D:2      | Learned a level 3 spell: Dazzling Flash
  1258 | D:2      | Reached skill level 1 in Hexes
  1468 | D:2      | Reached skill level 1 in Invocations
  1658 | D:2      | Noticed Sigmund
  1666 | D:2      | Killed Sigmund
  1667 | D:2      | Reached XP level 4. HP: 11/24 MP: 0/12
  1667 | D:2      | Reached XP level 5. HP: 13/28 MP: 0/13
  1771 | D:2      | Learned a level 4 spell: Fulminant Prism
  1876 | D:2      | Noticed Robin
  1891 | D:2      | Killed Robin
  1892 | D:2      | Reached ** piety under Sif Muna
  2380 | D:3      | Reached XP level 6. HP: 32/32 MP: 10/14
  2385 | D:3      | Reached skill level 5 in Hexes
  2873 | D:3      | Found a broken altar of Ashenzari.
  3251 | D:3      | Found a runed translucent door.
  3252 | D:3      | Noticed Crazy Yiuf
  3672 | D:3      | HP: 1/32 [Crazy Yiuf (18)]
  3672 | D:3      | Mangled by Crazy Yiuf

Illustrated notes

Levels and vault maps discovered:
D:1:      nzn_arrival_crosshair, layout_loops_ring,
          chequers_ecumenical_altar_twisty
D:2:      layout_loops_cross, minmay_misc_feat_roman, uniq_sigmund, uniq_robin
D:3:      layout_loops_corners, nicolae_ashenzari_skybound,
          uniq_crazy_yiuf_cottage

Skill      XL: |  1  2  3  4  5  6 |
---------------+-------------------+-----
Spellcasting   | 4 |  4.0
Conjurations   | 5 |  5.8
Hexes          | 4 5 |  5.1
Invocations    | 3 4 |  4.2
Dodging        | |  2.4
Stealth        | |  2.4

Action                   |  1- 3 |  4- 6 || total
-------------------------+-------+-------++-------
Melee: Scythe            |       |     2 ||     2
 Cast: Magic Dart        |    59 |    53 ||   112
       Searing Ray       |     4 |     5 ||     9
  Use: Scroll            |     2 |     6 ||     8
 Stab: Sleeping          |       |     1 ||     1
Armor: Robe              |     1 |     4 ||     5
Dodge: Dodged            |    11 |     5 ||    16

Table legend: (Time is in decaauts)
 A = Elapsed time spent in this place.
 B = Non-inter-level travel time spent in this place.
 C = Inter-level travel time spent in this place.
 D = Time resting spent in this place.
 E = Time spent auto-exploring this place.
 F = Levels seen in this place.
 G = Mean time per level.
                   A        B        C        D        E       F      G
               +--------+--------+--------+--------+--------+-----+--------+
         Total |   3672 |   3615 |     57 |    341 |   2950 |   3 | 1224.0 |
       Dungeon |   3672 |   3615 |     57 |    341 |   2950 |   3 | 1224.0 |
               +--------+--------+--------+--------+--------+-----+--------+

Top non-repeatable levels by time:
     D:3: 1474 daAuts
     D:1: 1121 daAuts
     D:2: 1077 daAuts
